 Dungeon Crawl Stone Soup version 0.24.0-29-g8ce449bc06 (webtiles) character file.

Game seed: 625187433291998384, levelgen mode: deterministic

3550 Matador8 the Covert (level 10, -4/85 HPs)
             Began as a Naga Earth Elementalist on Nov 15, 2019.
             Was a Follower of Ashenzari.
             Slain by an ogre
             ... wielding a +0 giant spiked club
              (13 damage)
             ... on level 7 of the Dungeon.
             The game lasted 00:53:59 (9127 turns).

Matador8 the Covert (Naga Earth Elementalist)       Turns: 9127, Time: 00:54:00

Health: -4/85      AC:  9    Str: 11    XL:     10   Next: 9%
Magic:  15/17      EV:  9    Int: 19    God:    Ashenzari [*.....]
Gold:   213        SH:  0    Dex: 11    Spells: 8/19 levels left

rFire    + . .     SeeInvis +   E - +2 falchion (elec) (curse)
rCold    . . .     Gourm    .   (no shield)
rNeg     . . .     Faith    .   r - +0 leather armour
rPois    +         Spirit   .   f - +0 helmet
rElec    .         Reflect  .   y - +2 cloak (curse)
rCorr    .         Harm     .   a - +0 pair of gloves (curse)
MR       +....                  (no barding)
Stlth    +++.......             (no amulet)
HPRegen  0.24/turn              k - ring of protection from fire
MPRegen  0.15/turn              (no ring)

@: very slow
A: large, see invisible, deformed body, poison resistance, slowness 2, slow
metabolism 1, spit poison 1, AC +3
a: Spit Poison, Curse Item, Scrying, Renounce Religion


You were on level 7 of the Dungeon.
You worshipped Ashenzari.
Ashenzari was aware of your devotion.
You were not hungry.

You visited 1 branch of the dungeon, and saw 8 of its levels.

You collected 213 gold pieces.

Inventory:

Hand Weapons
 E - a cursed +2 falchion of electrocution (weapon)
Missiles
 b - 143 stones (quivered)
Armour
 a - a cursed +0 pair of gloves (worn)
 c - a +0 robe
 f - a +0 helmet (worn)
 m - a +0 ring mail
 r - a +0 leather armour (worn)
 y - a cursed +2 cloak (worn)
 C - a +0 scale mail of positive energy
Jewellery
 k - a ring of protection from fire (left hand)
 n - an uncursed ring of ice
Wands
 i - a wand of iceblast (1)
 o - a wand of clouds (5)
 H - a wand of scattershot (6)
Scrolls
 e - 2 scrolls of amnesia
 l - 3 scrolls of identify
 q - 4 scrolls of fear
 s - 3 scrolls of magic mapping
 v - a scroll of blinking {unknown}
 B - a scroll of enchant weapon {unknown}
 D - a scroll of noise
 G - a scroll of teleportation {unknown}
Potions
 g - a potion of ambrosia
 h - a potion of cancellation {unknown}
 j - a potion of might {unknown}
 p - 3 potions of heal wounds
 t - a potion of mutation {unknown}
 w - 3 potions of haste
 z - 4 potions of flight
 A - 3 potions of curing {unknown}
 F - a potion of resistance {unknown}
Comestibles
 d - 9 rations


   Skills:
 + Level 3.7 Fighting
 - Level 6.4 Long Blades
   Level 2.1 Polearms
 - Level 1.5 Dodging
 + Level 8.3 Stealth
 - Level 5.0 Spellcasting
 - Level 4.1 Conjurations
 - Level 2.0 Translocations
 - Level 1.0 Transmutations
 - Level 3.4 Fire Magic
 - Level 7.2 Earth Magic


You had 8 spell levels left.
You knew the following spells:

 Your Spells              Type           Power        Failure   Level  Hunger
a - Sandblast             Erth           ####..       1%          1    None
b - Stone Arrow           Conj/Erth      ####..       4%          3    ##.....
c - Passwall              Tmut/Erth      ###.....     4%          2    #......
d - Blink                 Tloc           N/A          11%         2    #......
e - Conjure Flame         Conj/Fire      ###.....     10%         3    ##.....

Your spell library contained the following spells:

 Spells                   Type           Power        Failure   Level  Hunger
 Magic Dart               Conj           ###.         3%          1    None
 Summon Small Mammal      Summ           #...         16%         1    None
 Lee's Rapid Deconstruct  Erth           ####......   22%         5    ######.
 Call Imp                 Summ           #.......     24%         2    #......
 Slow                     Hex            #.......     24%         2    #......
 Mephitic Cloud           Conj/Pois/Air  ##......     28%         3    ##.....
 Petrify                  Tmut/Erth      ###.....     30%         4    ####...
 Call Canine Familiar     Summ           #.......     43%         3    ##.....
 Summon Guardian Golem    Hex/Summ       #.......     43%         3    ##.....
 Summon Ice Beast         Ice/Summ       #.......     85%         4    ####...
 Summon Lightning Spire   Summ/Air       #.......     85%         4    ####...


Dungeon Overview and Level Annotations

Branches:
Dungeon (8/15)             Temple (0/1) D:6
   Lair: D:8-11

Altars:
Ashenzari
Cheibriados
Elyvilon
Fedhas
Hepliaklqana
Makhleb
Okawaru
Qazlal
Ru
Sif Muna
Trog
Vehumet
Wu Jian
Xom
The Shining One

Annotations:
D:5 Pikel
D:6 exclusion: 2 doors
D:7 Harold


Innate Abilities, Weirdness & Mutations

You cannot wear boots.
Your serpentine skin is tough. (AC +3)
You have supernaturally acute eyesight. (SInv)
Armour fits poorly on your strangely shaped body.
Your system is resistant to poisons. (rPois)
You cover ground very slowly.
You have a slow metabolism.
You can spit poison.


Message History

The floor.
Casting: Sandblast (safe; 1% risk of failure)
Confirm with . or Enter, or press ? or * to list all spells.
Okay, then.
Unknown command.
Casting: Sandblast (safe; 1% risk of failure)
Confirm with . or Enter, or press ? or * to list all spells.
Aiming: Passwall (safe; 4% risk of failure)
Press: ? - help, Dir - move target cursor You can't see that place. [the floor.]
The ogre closely misses you.
You riposte.
You barely miss the ogre.
Harold hits you with a +4 flail of protection!!
You begin to meditate on the wall.
You continue meditating on the rock.
The ogre hits you with a +0 giant spiked club!!
* * * LOW HITPOINT WARNING * * *
You continue meditating on the rock.
Harold closely misses you.
The ogre hits you with a +0 giant spiked club!
You die...

###### ##### ###..... ##...##
#....... ##.###.## #####.#.#...
##.## ##.## #...........
#.#######.###########.#######.>.
#.###..............##...........
#.....###.########.##.#.#.#.#.#.
#..#.........y@@#...............
#.#..##.#######O#..##...⌠.....⌠.
#.##...## ##O#..#......._....
#.##.#########.....#....⌠.....⌠.
#.##.# #..........#........[...
#.##.# #.####...#)#..#.#.#.#.#.
#.##.# #.# ##.##.#............
##[##.####.#####.##.#.##...######
......<.............#.##.###


You could see Harold, 2 ogres and a killer bee.

Vanquished Creatures
  2 hippogriffs
  Eustachio (D:5)
  A water moccasin (D:8)
  2 slaves (D:5)
  An orc warrior (D:6)
  A sky beast (D:6)
  4 ice beasts
  4 ogres
  A phantom (D:8)
  A crocodile (D:7)
  2 bullfrogs (D:6)
  A scorpion (D:5)
  6 killer bees
  5 wights (D:6)
  3 howler monkeys
  4 crimson imps
  A bullfrog zombie (D:6)
  A gnoll shaman (D:7)
  3 orc priests
  7 hounds
  A jelly (D:8)
  A bullfrog skeleton (D:7)
  7 orc wizards
  An iguana (D:5)
  4 worker ants
  A hound zombie (D:5)
  5 gnolls
  12 adders
  3 shadow imps
  An adder zombie (D:7)
  3 worms
  A dart slug (D:1)
  2 leopard geckos
  21 orcs
  6 giant cockroaches
  5 goblins
  9 hobgoblins
  3 jackals (D:1)
  9 kobolds
  A quokka (D:6)
  5 bats
  6 frilled lizards
  2 jackal skeletons (D:6)
  A jackal zombie (D:7)
  4 rats
165 creatures vanquished.

Notes
Turn   | Place    | Note
-------+----------+-------------------------------------------
     0 | D:1      | Matador8 the Naga Earth Elementalist began the quest for
                  | the Orb.
     0 | D:1      | Reached XP level 1. HP: 15/15 MP: 3/3
   137 | D:1      | Reached XP level 2. HP: 17/22 MP: 5/5
   788 | D:1      | Reached XP level 3. HP: 15/28 MP: 4/6
  1114 | D:2      | Found a faded altar of an unknown god.
  1294 | D:2      | Found an iron altar of Okawaru.
  1516 | D:2      | Found a shimmering blue altar of Sif Muna.
  1518 | D:2      | Reached XP level 4. HP: 36/36 MP: 2/8
  1654 | D:2      | Reached skill level 4 in Stealth
  1700 | D:2      | Learned a level 3 spell: Stone Arrow
  1703 | D:2      | Learned a level 2 spell: Passwall
  2040 | D:2      | Found a burning altar of Makhleb.
  2105 | D:2      | Reached XP level 5. HP: 42/42 MP: 7/9
  3441 | D:4      | Reached skill level 5 in Stealth
  3441 | D:4      | Reached XP level 6. HP: 28/49 MP: 8/11
  3588 | D:4      | Reached skill level 5 in Earth Magic
  3875 | D:5      | Entered Level 5 of the Dungeon
  3951 | D:5      | Noticed a slave
  3951 | D:5      | Noticed a slave
  3956 | D:5      | Noticed Pikel
  3996 | D:4      | Reached XP level 7. HP: 45/55 MP: 13/13
  4075 | D:5      | Found a sacrificial altar of Ru.
  4075 | D:5      | Found a faded altar of an unknown god.
  4080 | D:5      | Found a shattered altar of Ashenzari.
  4082 | D:5      | Found an ornate altar of the Wu Jian Council.
  4084 | D:5      | Found a blossoming altar of Fedhas.
  4120 | D:5      | Became a worshipper of Ashenzari the Shackled
  4249 | D:5      | Reached skill level 6 in Stealth
  4249 | D:5      | Reached skill level 1 in Conjurations
  4521 | D:5      | Noticed Eustachio
  5051 | D:6      | Found a shimmering altar of Xom.
  5051 | D:6      | Found a shimmering altar of Xom.
  5184 | D:6      | Noticed a moth of wrath
  5186 | D:6      | Found a bloodstained altar of Trog.
  5240 | D:6      | Reached skill level 5 in Spellcasting
  5315 | D:6      | Reached XP level 8. HP: 59/62 MP: 9/15
  5481 | D:6      | Reached skill level 1 in Polearms
  5741 | D:5      | Killed Eustachio
  5933 | D:6      | Reached skill level 1 in Long Blades
  6170 | D:6      | Found a staircase to the Ecumenical Temple.
  6186 | D:6      | Learned a level 2 spell: Blink
  6190 | D:6      | Learned a level 3 spell: Conjure Flame
  6342 | D:6      | Found a hazy altar of Hepliaklqana.
  6379 | D:6      | Reached skill level 1 in Translocations
  6379 | D:6      | Reached skill level 1 in Fire Magic
  6582 | D:6      | HP: 2/62 [electric eel/bolt of electricity (7)]
  7150 | D:6      | Reached XP level 9. HP: 63/68 MP: 16/16
  7901 | D:7      | Found a snail-covered altar of Cheibriados.
  8001 | D:7      | Found a white marble altar of Elyvilon.
  8081 | D:7      | Reached skill level 5 in Long Blades
  8607 | D:8      | Reached skill level 1 in Fighting
  8691 | D:8      | Reached * piety under Ashenzari
  8700 | D:8      | Found a glowing golden altar of the Shining One.
  8700 | D:8      | Found a radiant altar of Vehumet.
  8725 | D:8      | Found a stormy altar of Qazlal.
  8764 | D:8      | Reached skill level 7 in Stealth
  8779 | D:8      | Reached XP level 10. HP: 66/84 MP: 11/17
  8833 | D:8      | Noticed Harold
  8847 | D:7      | Reached skill level 8 in Stealth
  9127 | D:7      | Slain by an ogre

Levels and vault maps discovered:
D:1:      minmay_arrival_four_circles, layout_loops_ring
D:2:      layout_loops_corners, makhleb_blood_cavern_becter, marbit_many_paths,
          okawaru_trees_1, chequers_ecumenical_altar_island, minivault_27,
          minmay_pentomino_u2
D:3:      layout_rooms
D:4:      layout_basic, first_ration
D:5:      layout_basic, chequers_temple_overflow_minitemple,
          minmay_strange_pillars, uniq_pikel, uniq_eustachio
D:6:      cheibrodos_two_vegetables, layout_layer_cave, tgw_trog,
          xom_redecorated, old_standard_altar, minmay_temple_entry_sparse_star
D:7:      layout_loops_ring, elyvilon_altar_5, old_standard_altar
D:8:      layout_rooms, nicolae_qazlal_general_emergency,
          gammafunk_temple_overflow_statue, nicolae_tso_besieged_by_evil,
          uniq_harold

Skill      XL: |  1  2  3  4  5  6  7  8  9 10 |
---------------+-------------------------------+-----
Stealth        | 4 5 6 7 8 |  8.3
Spellcasting   | 3 4 5 |  5.0
Earth Magic    | 4 5 6 7 |  7.2
Conjurations   | 2 4 |  4.1
Polearms       | 2 |  2.1
Long Blades    | 2 6 |  6.4
Translocations | 1 2 |  2.0
Fire Magic     | 1 3 |  3.4
Fighting       | 3 |  3.7
Dodging        | |  1.5
Transmutations | |  1.0

Action                   |  1- 3 |  4- 6 |  7- 9 | 10-12 || total
-------------------------+-------+-------+-------+-------++-------
Melee: Whip              |    75 |    81 |       |       ||   156
       Spear             |       |    20 |   115 |       ||   135
       Falchion          |       |       |   106 |     2 ||   108
 Cast: Sandblast         |    22 |    27 |    88 |     4 ||   141
       Stone Arrow       |       |     4 |    11 |     1 ||    16
       Conjure Flame     |       |       |     2 |       ||     2
       Passwall          |       |       |       |     1 ||     1
Invok: Curse Item        |       |       |     5 |       ||     5
 Abil: Spit Poison       |     3 |    11 |    30 |     2 ||    46
  Use: Scroll            |       |     9 |     2 |     1 ||    12
       Potion            |       |       |     1 |     1 ||     2
 Stab: Sleeping          |     3 |     4 |     8 |       ||    15
  Eat: Chunk             |     2 |     6 |    12 |     2 ||    22
       Ration            |       |       |     1 |       ||     1
Armor: Robe              |    34 |    70 |     1 |       ||   105
       Leather armour    |       |       |   103 |    11 ||   114
Dodge: Dodged            |    49 |    98 |   119 |    24 ||   290
       Rpst.: Falchion   |       |       |    19 |     8 ||    27
